 Dungeon Crawl Stone Soup version 0.30-a0-1163-gf69bf04e7a (webtiles) character file.

Game seed: 14466473794576771281

143976 mandoloar the Covert (level 17, -2/140 HPs)
             Began as an Octopode Transmuter on Apr 28, 2023.
             Was the Champion of Cheibriados.
             Slain by a spriggan berserker
             ... wielding a +2 antimagic hand axe
              (21 damage)
             ... on level 3 of the Swamp.
             The game lasted 02:13:38 (40853 turns).

mandoloar the Covert (Octopode Transmuter)         Turns: 40853, Time: 02:13:38

Health: -2/140     AC: 29    Str: 28    XL:     17   Next: 38%
Magic:  0/40       EV: 24    Int: 56    God:    Cheibriados [******]
Gold:   1157       SH:  0    Dex: 36    Spells: 16/37 levels left

rFire   . . .        a - melded +3 arbalest (flame)
rCold   + + +        (shield currently unavailable)
rNeg    . . .        T - melded +0 hat
rPois   +            (no amulet)
rElec   +            m - +6 ring of dexterity
rCorr   .            f - +6 ring of intelligence
SInv    +            h - +4 ring of protection
Will    ++...        g - +6 ring of intelligence
Stlth   +++++++      c - ring of Ditrorph {Str+2 Int+6 Slay+2}
HPRegen 0.43/turn    e - ring "Damirial" {Drain Str+6 Int+2 SInv}
MPRegen 0.27/turn    d - ring of the Tempest {rElec Will+ MP+9 Str-4 Slay+5}
                     n - ring of protection from fire

%: clarity
@: ice-armoured, ice-form, corroded, very slow
A: freezing attack, boosted hp, almost no armour, amphibious, 8 rings, large,
(camouflage 1), (gelatinous body 1), (nimble swimmer 1), (tentacles), clarity
a: End Transformation, Renounce Religion, Bend Time, Temporal Distortion,
Slouch, Step From Time


You were on level 3 of the Swamp.
You worshipped Cheibriados.
Cheibriados was exalted by your worship.
You were a creature of crystalline ice.
You visited 5 branches of the dungeon, and saw 27 of its levels.
You also visited: Gauntlet and Ice Cave.

You collected 3069 gold pieces.
You spent 1912 gold pieces at shops.

Inventory:

Hand Weapons
 a - a +3 arbalest of flaming (melded)
 b - a +2 heavy sling
Missiles
 k - 5 silver javelins
 l - 9 boomerangs
Armour
 T - a +0 hat (melded)
Jewellery
 c - the ring of Ditrorph (on tentacle) {Str+2 Int+6 Slay+2}
   (You took it off a gnoll on level 6 of the Dungeon)

   [ring of intelligence]

   Str:       It affects your strength (+2).
   Int:       It affects your intelligence (+6).
   Slay:      It affects your accuracy & damage with ranged weapons and melee
   (+2).
 d - the ring of the Tempest (on tentacle) {rElec Will+ MP+9 Str-4 Slay+5}
   (You found it on level 10 of the Dungeon)

   [ring of willpower]

   Str:       It affects your strength (-4).
   Slay:      It affects your accuracy & damage with ranged weapons and melee
   (+5).
   rElec:     It insulates you from electricity.
   MP:        It affects your magic capacity (+9).
   Will:      It increases your willpower.
 e - the ring "Damirial" (on tentacle) {Drain Str+6 Int+2 SInv}
   (You took it off a minotaur in a Gauntlet)

   [ring of strength]

   Str:       It affects your strength (+6).
   Int:       It affects your intelligence (+2).
   SInv:      It lets you see invisible.
   Drain:     It drains your maximum health when unequipped.
 f - a +6 ring of intelligence (right front paw)
 g - a +6 ring of intelligence (on tentacle)
 h - a +4 ring of protection (on tentacle)
 m - a +6 ring of dexterity (left front paw)
 n - a ring of protection from fire (on tentacle)
 B - a ring of fire
 S - a +6 ring of intelligence
Wands
 q - a wand of digging (4)
 D - a wand of polymorph (3)
 H - a wand of mindburst (22)
 K - a wand of flame (15)
 O - a wand of iceblast (8)
 Q - a wand of acid (18)
 R - a wand of paralysis (23)
Scrolls
 i - 12 scrolls of identify
 j - 4 scrolls of torment
 p - 2 scrolls of silence
 r - 3 scrolls of immolation
 s - 4 scrolls of fog
 w - 4 scrolls of vulnerability
 z - 14 scrolls of teleportation
 E - 4 scrolls of amnesia
 F - 5 scrolls of magic mapping
 G - 6 scrolls of fear
 I - 3 scrolls of blinking
 M - 2 scrolls of butterflies
 V - 6 scrolls of brand weapon
 W - 2 scrolls of poison
Potions
 o - 4 potions of attraction
 t - a potion of ambrosia
 u - 3 potions of brilliance
 v - 3 potions of invisibility
 x - 5 potions of haste
 y - 6 potions of lignification
 A - 8 potions of flight
 C - 7 potions of curing
 J - 2 potions of resistance
 L - 5 potions of berserk rage
 N - 2 potions of magic
 P - a potion of might
 U - 2 potions of heal wounds
 X - 2 potions of mutation


   Skills:
 + Level 11.5 Fighting
 + Level 5.2 Ranged Weapons
 + Level 11.7 Dodging
 - Level 14.0 Stealth
 - Level 5.0 Shields
 + Level 11.9 Unarmed Combat
 + Level 10.7 Spellcasting
 + Level 11.7 Transmutations
 + Level 10.5 Ice Magic
 + Level 10.5 Invocations


You had 16 spell levels left.
You knew the following spells:

 Your Spells              Type           Power      Damage    Failure   Level
a - Irradiate             Conj/Tmut      38%        3d24      1%          5
b - Wereblood             Tmut           100%       N/A       0%          2
c - Ice Form              Ice/Tmut       100%       N/A       1%          4
d - Ozocubu's Armour      Ice            99%        N/A       1%          3
e - Ozocubu's Refrigerat  Ice            49%        4d18      6%          7

Your spell library contained the following spells:

 Spells                   Type           Power      Damage    Failure   Level
 Beastly Appendage        Tmut           100%       N/A       0%          1
 Freeze                   Ice            100%       1d10      0%          1
 Apportation              Tloc           60%        N/A       1%          1
 Magic Dart               Conj           100%       1d8       1%          1
 Shock                    Conj/Air       100%       1d9       1%          1
 Blink                    Tloc           60%        N/A       1%          2
 Ensorcelled Hibernation  Hex/Ice        100%       N/A       1%          2
 Lesser Beckoning         Tloc           60%        N/A       1%          2
 Momentum Strike          Conj/Tloc      60%        3d9       1%          2
 Scorch                   Fire           60%        2d7       1%          2
 Searing Ray              Conj           60%        2d6       1%          2
 Sublimation of Blood     Necr           30%        N/A       1%          2
 Frozen Ramparts          Ice            100%       1d16      1%          3
 Hailstorm                Conj/Ice       73%        3d15      1%          3
 Spider Form              Tmut/Pois      77%        N/A       1%          3
 Swiftness                Air            30%        N/A       1%          3
 Vhi's Electric Charge    Tloc/Air       60%        N/A       1%          3
 Petrify                  Tmut/Erth      77%        N/A       1%          4
 Alistair's Intoxication  Tmut/Pois      51%        N/A       1%          5
 Airstrike                Air            15%        2d(3-19)  5%          4
 Anguish                  Hex/Necr       15%        N/A       5%          4
 Flame Wave               Conj/Fire      30%        2d9       5%          4
 Fulminant Prism          Conj/Hex       15%        3d11      5%          4
 Arcjolt                  Conj/Air       15%        1d25      16%         5
 Summon Cactus Giant      Summ           15%        N/A       63%         6
 Necromutation            Tmut/Necr      38%        N/A       97%         8
 Borgnjor's Revivificati  Necr           15%        N/A       100%        8
 Maxwell's Capacitive Co  Air            15%        ∞         100%        8
 Death's Door             Necr           15%        N/A       100%        9


Dungeon Overview and Level Annotations

Branches:
Dungeon (15/15)            Temple (1/1) D:6            Lair (5/5) D:8
  Swamp (4/4) Lair:3        Snake (0/4) Lair:2        Slime (0/5) Lair:4
    Orc (2/2) D:9             Elf (0/3) Orc:2        Vaults (0/5) D:13
 Depths (0/4) D:15          IceCv (visited)         Gauntlet (visited)

Altars:
Ashenzari
Cheibriados
Dithmenos
Elyvilon
Fedhas
Gozag
Hepliaklqana
Kikubaaqudgha
Makhleb
Nemelex Xobeh
Okawaru
Qazlal
Ru
Sif Muna
Trog
Uskayaw
Vehumet
Wu Jian
Xom
Yredelemnul
Zin
The Shining One
Jiyva

Shops:
D:4 *   D:6 (   D:14 *   D:15 [   Orc:2 ?([:!

Portals:
Hell: Lair:5
Trove: D:14 (show slimy rune of Zot)

Annotations:
D:13 exclusion: obsidian statue
Swamp:4 exclusion: 2 upstairs


Innate Abilities, Weirdness & Mutations

You are a creature of crystalline ice.
You have a powerful freezing melee attack.
Your maximum health is increased.
Your armour is entirely melded.
You are incapable of wielding weapons or throwing items.
You cannot wear most types of armour.
You are amphibious.
You can wear up to eight rings at the same time.
((Your skin changes colour to match your surroundings (Stealth+).))
((Your rubbery body absorbs attacks. (AC +1, EV +1)))
((You are camouflaged when in or above water. (Stealth+)))
((You have tentacles for arms and can constrict up to eight enemies at once.))
You possess an exceptional clarity of mind.


Message History

Confirm with . or Enter, or press ? or * to list all spells.
Your icy body feels more resilient.
The spriggan berserker completely misses you.
You pummel the spriggan berserker!! You freeze the spriggan berserker.
The spriggan berserker is moderately wounded.
The spriggan berserker hits you but does no damage.
You punch the spriggan berserker! You freeze the spriggan berserker.
The spriggan berserker is heavily wounded.
The spriggan berserker hits you with a +2 antimagic hand axe!!
* * * LOW HITPOINT WARNING * * *
You feel your power leaking away.
You punch the spriggan berserker! You freeze the spriggan berserker!
The spriggan berserker is severely wounded.
The spriggan berserker completely misses you.
The spriggan berserker hits you with a +2 antimagic hand axe!
* * * LOW HITPOINT WARNING * * *
You feel your power leaking away.
Okay, then.
Okay, then.
Okay, then.
You feel much better.
The spriggan berserker hits you with a +2 antimagic hand axe!
* * * LOW HITPOINT WARNING * * *
You feel your power leaking away.
You barely miss the spriggan berserker.
The spriggan berserker is severely wounded.
The spriggan berserker barely misses you.
You hit the spriggan berserker. You freeze the spriggan berserker.
The spriggan berserker is severely wounded.
The spriggan berserker hits you but does no damage.
You miss the spriggan berserker.
The spriggan berserker is severely wounded.
The spriggan berserker hits you with a +2 antimagic hand axe.
* * * LOW HITPOINT WARNING * * *
You feel your power leaking away.
The spriggan berserker hits you with a +2 antimagic hand axe!!
* * * LOW HITPOINT WARNING * * *
You feel much better.
The spriggan berserker hits you with a +2 antimagic hand axe!!
You die...

♣♣♣♣♣♣♣♣ ♣♣.........
♣♣~...~.♣♣ ♣~~~~~~~~~~
♣.~~~~..~♣♣ ♣.~~~~~~~~§
♣.§~~~..♣.♣♣♣..~~~~~~~~
♣♣.~~~~.....~.~~~.......
♣~.~~~..~...<.~~~♣~~♣♣.[
♣♣.~~..♣♣~~~.♣♣♣♣♣♣♣♣♣..
♣~~.....~~.~[♣ ♣♣.)~..
♣♣..~~♣iY.~.~.♣♣ ♣♣<.....
♣♣~♣♣♣♣♣♣...~~~.♣♣♣.~~~~~~
♣♣..♣♣♣♣♣♣...~~...♣♣.~~~~.♣
♣~~~♣~♣♣..♣......~♣♣~.~~§..
♣.~~.♣♣♣....~~~§...~~.~~...
♣♣♣♣♣♣♣...~~~~~~~.~~♣~~~>~~
♣~.~§~~~~~~..~.~~~~~~~
♣♣.~~~..~~~~~♣..~...♣♣♣
♣♣♣♣.~~~~..~~....~~.~~....


You could see a spriggan berserker (berserk).

Vanquished Creatures
  Mlioglotl (Swamp:3)
  A fenstrider witch (Swamp:3)
  An orc warlord (Orc:2)
  2 quicksilver oozes (IceCv)
  Nessos (Lair:3)
  An eleionoma (Swamp:1)
  5 bunyips
  A minotaur (Gauntlet)
  A dire elephant (Lair:5)
  Josephine (D:10)
  A shambling mangrove (Swamp:3)
  15 hydras
  A hell beast (Lair:5)
  8 centaur warriors
  2 catoblepae
  3 two-headed ogres
  A death knight (D:10)
  2 boulder beetles
  3 alligators (Swamp:2)
  7 death yaks
  2 tengu warriors
  3 sun demons (D:12)
  7 spriggans
  Nergalle (D:10)
  A soul eater (D:12)
  4 goliath frogs
  4 skysharks
  A sixfirhy (D:12)
  A spriggan druid (Swamp:2)
  2 bog bodies
  2 orange crystal statues (IceCv)
  2 swamp dragons (Swamp:3)
  The ghost of turdburglar the Ruffian, a novice TrWr of Okawaru (D:5)
  2 necromancers
  A wizard (Lair:5)
  Pikel (D:4)
  A manticore (D:13)
  An oklob plant (Gauntlet)
  4 orc knights
  4 orc sorcerers
  4 deep elf pyromancers
  2 will-o-the-wisps
  23 ugly things
  15 elephants
  A black mamba (Lair:5)
  8 cyclopes
  4 rust devils (D:12)
  Maggie (D:8)
  2 smoke demons
  A black mamba (shapeshifter) (D:13)
  A gargoyle (D:13)
  A torpor snail (Lair:3)
  2 orange demons
  8 cane toads
  2 centaur skeletons (D:15)
  7 rime drakes
  An unseen horror (shapeshifter) (D:14)
  An unseen horror (D:10)
  15 komodo dragons
  2 tengu conjurers
  3 efreet (D:15)
  7 kobold demonologists
  2 red devils
  3 ice devils (Lair:5)
  10 trolls
  7 tyrant leeches
  A polar bear (Lair:5)
  10 hornets
  Prince Ribbit (D:6)
  Grinder (D:4)
  A hellwing (D:12)
  9 blink frogs
  21 slime creatures
  Sigmund (D:2)
  6 dream sheep (Lair:5)
  A centaur simulacrum (D:15)
  9 flying skulls (Gauntlet)
  A shadow (D:12)
  6 wraiths
  Eustachio (D:6)
  12 wyverns
  5 vampires
  2 ynoxinuls
  6 basilisks
  4 chaos spawn (D:12)
  A yak (shapeshifter) (D:14)
  75 yaks
  7 vampire mosquitoes
  3 steam dragons
  A neqoxec (D:12)
  Edmund (D:5)
  4 nagas (Lair:2)
  2 wargs (Orc:2)
  18 swamp worms
  9 water moccasins
  5 acid dragons
  2 black bears
  4 hell hounds (Lair:5)
  30 orc warriors
  5 swamp drakes
  4 great orb of eyes simulacra (IceCv)
  6 ogres
  17 wolves
  4 lemures (D:4)
  12 centaurs
  5 slime creature simulacra (IceCv)
  3 phantoms (D:9)
  Blork the orc (D:3)
  8 kobold brigands
  A gnoll sergeant (D:6)
  6 bullfrogs
  4 glowing shapeshifter simulacra (IceCv)
  3 scorpions
  11 wights
  8 killer bees
  3 electric eels (Lair:5)
  2 quasits (D:12)
  A jelly (D:7)
  10 orc priests
  4 hounds
  2 gnoll boudas
  6 iguanas
  2 iron imps (Gauntlet)
  Terence (D:2)
  4 sleepcaps
  Crazy Yiuf (D:7)
  24 orc wizards
  Ijyb (D:5)
  21 hell rats
  A boggart skeleton (D:15)
  6 ogre zombies (D:9)
  20 gnolls
  6 adders
  2 shadow imps
  A white imp (D:6)
  An ufetubus (D:7)
  2 worms
  A dart slug (D:3)
  65 orcs
  13 ball pythons
  3 endoplasms
  5 giant cockroaches
  5 goblins
  8 hobgoblins
  15 jackals
  20 kobolds
  5 quokkas
  6 bats
  A goblin zombie (D:9)
  2 hobgoblin skeletons (D:9)
  3 hobgoblin zombies (D:9)
  2 orc skeletons (D:9)
  11 orc zombies (D:9)
  6 rats
  A bush (D:2)
  A butterfly (Lair:3)
888 creatures vanquished.

Vanquished Creatures (others)
  A manticore (D:15)
  A bloated husk (Swamp:2)
  A bush (Lair:5)
  4 foxfires (Swamp:3)
  41 fungi
  44 plants
92 creatures vanquished.

Grand Total: 980 creatures vanquished

Notes
Turn   | Place    | Note
-------+----------+-------------------------------------------
     0 | D:1      | mandoloar the Octopode Transmuter began the quest for the
                  | Orb.
     0 | D:1      | Reached XP level 1. HP: 13/13 MP: 3/3
   214 | D:1      | Reached XP level 2. HP: 18/18 MP: 3/5
   222 | D:1      | Learned a level 2 spell: Wereblood
   456 | D:1      | Reached XP level 3. HP: 15/23 MP: 4/6
   954 | D:2      | Found a faded altar of an unknown god.
  1216 | D:2      | Found a glowing silver altar of Zin.
  1246 | D:2      | Noticed Terence
  1515 | D:2      | Noticed Sigmund
  1745 | D:3      | Reached XP level 4. HP: 28/29 MP: 3/7
  2365 | D:3      | Reached XP level 5. HP: 34/34 MP: 5/9
  2373 | D:3      | Learned a level 4 spell: Ice Form
  2797 | D:4      | Noticed Grinder
  2992 | D:4      | Reached skill level 1 in Ice Magic
  2992 | D:4      | Reached XP level 6. HP: 41/41 MP: 8/10
  3006 | D:4      | Found Mafim's Assorted Antiques.
  3136 | D:4      | Noticed Blork the orc
  3138 | D:4      | Paralysed by Grinder for 4 turns
  3230 | D:3      | Killed Blork the orc
  4367 | D:4      | Paralysed by Grinder for 2 turns
  4376 | D:4      | Paralysed by Grinder for 2 turns
  4390 | D:4      | Killed Grinder
  4391 | D:4      | Reached XP level 7. HP: 42/46 MP: 7/12
  4702 | D:4      | Noticed Pikel
  5036 | D:4      | Learned a level 3 spell: Ozocubu's Armour
  5114 | D:4      | Found a broken altar of Ashenzari.
  5339 | D:5      | Entered Level 5 of the Dungeon
  5339 | D:5      | Found an opulent altar of Gozag.
  5339 | D:5      | Found a hazy altar of Hepliaklqana.
  5545 | D:5      | Found a runed translucent gate.
  5545 | D:5      | Found a runed translucent gate.
  5546 | D:5      | Found a runed translucent gate.
  5546 | D:5      | Noticed a kobold demonologist
  5547 | D:5      | Noticed turdburglar's ghost (novice TrWr)
  5567 | D:5      | Found a sparkling altar of Nemelex Xobeh.
  5703 | D:5      | Found an ornate altar of the Wu Jian Council.
  5703 | D:5      | Found a sacrificial altar of Ru.
  5703 | D:5      | Found an ancient bone altar of Kikubaaqudgha.
  6130 | D:5      | Reached XP level 8. HP: 54/54 MP: 0/13
  6431 | D:5      | Noticed Ijyb
  6487 | D:5      | Killed Ijyb
  6589 | D:5      | Noticed Edmund
  6608 | D:5      | Killed Edmund
  6918 | D:6      | Noticed Eustachio
  6971 | D:6      | Killed Eustachio
  6972 | D:6      | Reached skill level 5 in Unarmed Combat
  7227 | D:6      | Found Syegisk's Weapon Shop.
  7370 | D:6      | Identified the ring of Ditrorph {Str+2 Int+6 Slay+2}
  7396 | D:6      | Reached skill level 5 in Transmutations
  7409 | D:6      | Reached XP level 9. HP: 59/59 MP: 0/15
  7620 | D:6      | Found a staircase to the Ecumenical Temple.
  7629 | Temple   | Entered the Ecumenical Temple
  7629 | Temple   | Found a transporter.
  7629 | Temple   | Found a transporter.
  7631 | Temple   | Found a transporter.
  7631 | Temple   | Found a transporter.
  7653 | Temple   | Became a worshipper of Cheibriados the Contemplative
  7929 | D:6      | Noticed Prince Ribbit
  7936 | D:6      | Killed Prince Ribbit
  7937 | D:6      | Reached skill level 5 in Dodging
  7937 | D:6      | Reached skill level 1 in Stealth
  8019 | D:7      | Reached skill level 5 in Fighting
  8382 | D:7      | Reached skill level 2 in Stealth
  8439 | D:7      | Found a bloodstained altar of Trog.
  8483 | D:7      | Reached skill level 5 in Spellcasting
  8943 | D:7      | Found a runed translucent door.
  8944 | D:7      | Noticed Crazy Yiuf
  9032 | D:7      | Killed Crazy Yiuf
  9115 | D:8      | Found a staircase to the Lair.
  9224 | D:8      | Reached skill level 3 in Stealth
  9271 | D:8      | Reached * piety under Cheibriados
  9380 | D:8      | Reached skill level 4 in Stealth
  9385 | D:8      | Reached XP level 10. HP: 68/68 MP: 9/18
  9477 | D:8      | Noticed Maggie
  9490 | D:8      | Killed Maggie
  9997 | D:8      | Reached skill level 5 in Stealth
 11161 | D:9      | Reached skill level 1 in Invocations
 11359 | D:9      | Reached skill level 6 in Stealth
 11369 | D:9      | Reached ** piety under Cheibriados
 11609 | D:9      | Found a staircase to the Orcish Mines.
 11653 | D:9      | Reached XP level 11. HP: 74/74 MP: 17/20
 11798 | D:9      | Noticed a white ugly thing
 11816 | D:9      | Killed a white ugly thing
 11826 | D:9      | Reached *** piety under Cheibriados
 12385 | D:9      | Noticed a soul eater
 12395 | D:9      | Noticed a soul eater
 12424 | D:9      | Reached skill level 7 in Stealth
 12825 | D:10     | Entered Level 10 of the Dungeon
 12825 | D:10     | Noticed Josephine
 12972 | D:10     | Identified the +8 war axe of Righteous Fury {elec, rN+
                  | Int+4 Dex+3}
 13033 | D:10     | Noticed Nergalle
 13044 | D:10     | Killed Nergalle
 13045 | D:10     | Reached skill level 5 in Ice Magic
 13119 | D:10     | Killed Josephine
 13320 | D:10     | Noticed a two-headed ogre
 13329 | D:10     | Killed a two-headed ogre
 13346 | D:10     | Found the +7 Spriggan's Knife {stab, EV+4 Stlth+}
 13346 | D:10     | Noticed a death knight
 13346 | D:10     | Noticed a centaur warrior
 13346 | D:10     | Noticed a centaur warrior
 13346 | D:10     | Noticed a deep elf pyromancer
 13394 | D:10     | Reached **** piety under Cheibriados
 13494 | D:10     | Identified the +6 falchion of Sulphur {venom, rPois}
 13580 | D:10     | Found an iron altar of Okawaru.
 13665 | D:10     | Reached skill level 8 in Stealth
 13669 | D:10     | Reached XP level 12. HP: 81/81 MP: 14/22
 14177 | D:10     | Noticed a two-headed ogre
 14207 | D:10     | Killed a two-headed ogre
 14375 | D:10     | Noticed a centaur warrior
 14386 | D:10     | Killed a death knight
 14393 | D:10     | Killed a centaur warrior
 14397 | D:10     | Killed a centaur warrior
 14399 | D:10     | Killed a centaur warrior
 14399 | D:10     | Reached ***** piety under Cheibriados
 14518 | D:10     | Identified the +3 lajatang of the Ecumenical Temple {flame,
                  | Stlth+}
 14520 | D:10     | Identified the +0 long sword of Disembowelment {flame,
                  | Int+5 Dex-2}
 14524 | D:10     | Identified the ring of the Tempest {rElec Will+ MP+9 Str-4
                  | Slay+5}
 14632 | Lair:1   | Entered Level 1 of the Lair of Beasts
 14891 | Lair:1   | Reached skill level 9 in Stealth
 15111 | Lair:1   | Reached skill level 5 in Invocations
 15885 | Lair:2   | You fall into a shaft and drop 1 floor!
 15885 | Lair:3   | Noticed a skyshark
 15998 | Lair:2   | Found a staircase to the Snake Pit.
 17181 | D:5      | Killed turdburglar's ghost
 17182 | D:5      | Reached XP level 13. HP: 89/89 MP: 24/24
 17319 | D:4      | Killed Pikel
 17456 | D:2      | Killed Sigmund
 17457 | D:2      | Killed Terence
 17753 | Lair:3   | Noticed Nessos
 17864 | Lair:3   | Reached skill level 10 in Stealth
 17958 | Lair:3   | Identified the +7 long sword "mandoloar's Doom" {heavy,
                  | Fragile rF+ Int+6}
 18234 | Lair:2   | Reached ****** piety under Cheibriados
 19607 | Lair:3   | Killed Nessos
 19961 | Lair:3   | Reached skill level 11 in Stealth
 20161 | Lair:3   | Found a staircase to the Swamp.
 20375 | Lair:3   | Found a runed translucent door.
 20387 | Lair:3   | Reached XP level 14. HP: 97/97 MP: 26/26
 20536 | Lair:3   | Learned a level 7 spell: Ozocubu's Refrigeration
 21418 | Lair:4   | Found a staircase to the Slime Pits.
 21419 | Lair:4   | Found a viscous altar of Jiyva.
 22002 | Lair:5   | Entered Level 5 of the Lair of Beasts
 22143 | Lair:5   | Reached skill level 10 in Unarmed Combat
 22186 | Lair:5   | Reached skill level 10 in Transmutations
 22432 | Lair:5   | Identified the ring of Iriqueblil {*Corrode rPois rN++
                  | Int+3 Dex+3}
 22542 | Lair:5   | Reached skill level 10 in Dodging
 22551 | Lair:5   | Reached skill level 12 in Stealth
 22809 | Lair:5   | Reached skill level 10 in Fighting
 23115 | Lair:5   | Reached XP level 15. HP: 103/103 MP: 28/28
 23662 | Lair:5   | Found a burning altar of Makhleb.
 23790 | Lair:5   | Found a gateway to Hell.
 24513 | D:11     | Found a gate leading to a gauntlet.
 24518 | Gauntlet | Entered a Gauntlet
 24518 | Gauntlet | Found a transporter.
 24518 | Gauntlet | Found a transporter.
 24518 | Gauntlet | Found a transporter.
 24528 | Gauntlet | Found a transporter.
 24532 | Gauntlet | Found a transporter.
 24539 | Gauntlet | Found a transporter.
 24542 | Gauntlet | Found a transporter.
 24546 | Gauntlet | Found a runed translucent door.
 24548 | Gauntlet | Found a runed translucent door.
 24550 | Gauntlet | Found a transporter.
 24568 | Gauntlet | Found a transporter.
 24587 | Gauntlet | Found a transporter.
 24588 | Gauntlet | Found a transporter.
 24598 | Gauntlet | Found a transporter.
 25087 | Gauntlet | Identified the +1 cloak of Bright Freedom {rElec rF+}
 25115 | Gauntlet | Identified the ring "Damirial" {Drain Str+6 Int+2 SInv}
 25842 | D:12     | Reached skill level 1 in Shields
 25953 | D:12     | Reached skill level 1 in Ranged Weapons
 26204 | D:12     | Reached skill level 13 in Stealth
 26212 | D:12     | Gained mutation: You possess an exceptional clarity of
                  | mind. [a neqoxec]
 28108 | D:13     | Found a gate to the Vaults.
 29503 | D:14     | Found a frozen archway.
 29513 | IceCv    | Entered an ice cave
 29707 | IceCv    | Reached skill level 10 in Spellcasting
 29971 | IceCv    | Reached XP level 16. HP: 111/111 MP: 30/30
 30010 | IceCv    | Noticed an azure jelly
 31514 | D:14     | Found Qeotate's Neck Hole.
 31829 | D:14     | Found a portal to a secret trove of treasure.
 32159 | D:15     | Entered Level 15 of the Dungeon
 32242 | D:15     | Found Doomuu's Antique Armour Boutique.
 33400 | D:15     | Found a staircase to the Depths.
 33653 | Orc:1    | Entered Level 1 of the Orcish Mines
 33879 | Orc:2    | Entered Level 2 of the Orcish Mines
 33882 | Orc:2    | Found Fyfri's Distillery.
 34181 | Orc:2    | Bought a potion of heal wounds for 65 gold pieces
 34181 | Orc:2    | Bought a potion of lignification for 39 gold pieces
 34245 | Orc:2    | Found a staircase to the Elven Halls.
 34310 | Orc:2    | Reached skill level 14 in Stealth
 34714 | Orc:2    | Reached skill level 10 in Ice Magic
 34954 | Orc:2    | Found Irobbo's Antique Armour Boutique.
 34954 | Orc:2    | Found Sypsooty's Weapon Shoppe.
 34954 | Orc:2    | Found Qakheigg's Magic Scroll Emporium.
 34958 | Orc:2    | Found Ymparizo's Book Shop.
 34965 | Orc:2    | Bought a scroll of teleportation for 48 gold pieces
 34965 | Orc:2    | Bought a scroll of teleportation for 48 gold pieces
 34965 | Orc:2    | Bought a scroll of teleportation for 48 gold pieces
 34965 | Orc:2    | Bought a scroll of silence for 152 gold pieces
 34970 | Orc:2    | Bought a book of Alchemy for 504 gold pieces
 34970 | Orc:2    | Bought a Necronomicon for 1008 gold pieces
 35117 | Orc:2    | Learned a level 5 spell: Irradiate
 35555 | Swamp:1  | Entered Level 1 of the Swamp
 35888 | Swamp:1  | Reached skill level 10 in Invocations
 36594 | Swamp:1  | Identified the staff of conjuration "Diagogg" {rCorr Int-2
                  | Dex+10 Stlth+}
 37454 | Swamp:2  | Reached XP level 17. HP: 117/117 MP: 31/31
 38799 | Swamp:3  | Reached skill level 5 in Ranged Weapons
 40107 | Swamp:3  | Reached skill level 5 in Shields
 40171 | Swamp:3  | Noticed Mlioglotl
 40182 | Swamp:3  | Killed Mlioglotl
 40572 | Swamp:4  | Entered Level 4 of the Swamp
 40852 | Swamp:3  | HP: 2/140 [spriggan berserker/+2 antimagic hand axe (28)]
 40853 | Swamp:3  | Slain by a spriggan berserker

Illustrated notes

Levels and vault maps discovered:
D:1:      dpeg_arrival_round_c, layout_basic, feat_on_display
D:2:      layout_loops_ring, basic_altar,
          hellmonk_ecumenical_altar_leap_of_faith, minmay_hedge_maze,
          uniq_terence, uniq_sigmund
D:3:      layout_basic, serial_bayou_crossing
D:4:      layout_rooms, kennysheep_mini_moat, serial_shops, shop,
          serial_corexii_hall, chequers_hall_statues_wall_a,
          corexii_hall_statues_l, uniq_pikel, uniq_grinder, uniq_blork_the_orc
D:5:      layout_gridville, kennysheep_little_box, grunt_temple_overflow_open,
          gammafunk_temple_overflow_forgotten, gammafunk_ghost_split, uniq_ijyb,
          uniq_edmund
D:6:      layout_basic, minmay_temple_entry_statues_pillars, serial_shops, shop,
          uniq_prince_ribbit1, uniq_eustachio
D:7:      layout_basic, bloody_trog, hangedman_decor_slide_cut,
          uniq_crazy_yiuf_cottage
D:8:      layout_layer_cave, lair_entry_dummy, nicolae_two_hexagons, uniq_maggie
D:9:      minmay_razor_zed, layout_basic, zombieorc1_lemuel
D:10:     minmay_the_grid_square_5x5_3x3 [minmay_the_grid_square_5x5_detours,
          minmay_the_grid_square_5x5_meh,
          minmay_the_grid_square_5x5_two_walls_a,
          minmay_the_grid_square_5x5_minimal,
          minmay_the_grid_square_5x5_megaprize_crossed,
          minmay_the_grid_square_5x5_n, minmay_the_grid_square_5x5_six,
          minmay_the_grid_square_5x5_inset, minmay_the_grid_square_5x5_comb],
          layout_basic, mainiacjoe_overflow_small_starburst, serial_glass,
          glass_columns_a, glass_columns_b, minivault_24, uniq_josephine,
          uniq_nergalle
D:11:     layout_rooms, gauntlet_entry_generic
D:12:     layout_layer_cave, serial_demonic, serial_demonic_a, serial_demonic_c,
          serial_demonic_e, serial_demonic_c, serial_demonic_c,
          serial_demonic_b, serial_demonic_g, serial_demonic_e,
          serial_demonic_a, serial_demonic_b
D:13:     layout_loops_corners, david_vaults_1, minmay_protected_statue
D:14:     layout_irregular_city, reono_crystal_passage,
          portal_ice_cave_entry_pillars_three, nicolae_trove_entry_columns,
          nicolae_shop_sticking_my_neck_out
D:15:     grunt_enter_depths_magical_seal, layout_basic, serial_shops, shop
Temple:   hellmonk_temple_divided_pantheon
Lair:1:   layout_cave_pods, grunt_megastairs_4
Lair:2:   layout_regular_city, minmay_snake_entry_guardpost_small
Lair:3:   layout_roguey [special_room_mythical_zoo], palyth_hydra_swamp_entry,
          pf_torpor_hydra, lemuel_fruit_fields, uniq_nessos
Lair:4:   layout_regular_city, slime_entry_1, grunt_megastairs_1
Lair:5:   evil_forest, layout_regular_city, grunt_megastairs_2,
          serial_bayou_shore_a, infiniplex_staircase_pool_2,
          serial_bayou_shore_b
Swamp:1:  layout_basic_swamp, evilmike_swamp_ruin_house_2
Swamp:2:  layout_falls_marsh, evilmike_swamp_ruin_house_4, swamp_pool5
Swamp:3:  layout_basic_swamp, evilmike_swamp_ruin_house_3, swamp_pool1,
          kb_tengu_band, uniq_mlioglotl
Swamp:4:  swamp_basic_johnstein, layout_basic_swamp, swamp_pool1
Orc:1:    layout_diamond_mine
Orc:2:    st_orc_rangers, layout_diamond_mine, serial_shops, shop

Skill      XL: |  1  2  3  4  5  6  7  8  9 10 11 12 13 14 15 16 17 |
---------------+----------------------------------------------------+-----
Fighting       | 2 3 4 5 6 7 8 9 10 11 | 11.5
Transmutations | 3 4 5 6 7 8 9 10 11 | 11.7
Dodging        | 3 4 5 6 7 8 9 10 11 | 11.7
Spellcasting   | 3 4 5 6 7 8 9 10 | 10.7
Ice Magic      | 1 2 3 4 5 6 7 8 9 10 | 10.5
Unarmed Combat | 4 5 6 7 8 9 10 11 | 11.9
Stealth        | 4 6 8 9 11 12 13 14 | 14.0
Invocations    | 1 4 5 7 8 9 10 | 10.5
Shields        | 2 4 5 |  5.0
Ranged Weapons | 2 4 5 |  5.2

Action                     |  1- 3 |  4- 6 |  7- 9 | 10-12 | 13-15 | 16-18 || total
---------------------------+-------+-------+-------+-------+-------+-------++-------
  Melee: Unarmed           |    14 |    21 |   256 |   511 |   834 |   395 ||  2031
         Constrict         |    22 |    22 |     9 |       |       |       ||    53
         Kick              |    14 |    25 |     8 |       |       |       ||    47
         Tentacles         |    14 |    16 |     5 |       |       |       ||    35
         Dagger            |    14 |       |       |       |       |       ||    14
         Short sword       |    34 |    88 |    12 |       |       |       ||   134
         Punch             |     1 |     1 |     3 |       |       |       ||     5
   Fire: Sling             |       |       |     3 |    12 |     6 |       ||    21
         Arbalest          |       |       |       |       |    48 |   165 ||   213
  Throw: Stone             |     1 |     2 |       |       |       |       ||     3
   Cast: Beastly Appendage |    21 |    24 |     9 |       |     1 |       ||    55
         Wereblood         |     3 |    10 |    17 |    21 |    16 |     7 ||    74
         Ice Form          |       |     1 |    42 |    57 |   107 |    71 ||   278
         Ozocubu's Armour  |       |       |    16 |    40 |    66 |    25 ||   147
         Ozocubu's Refrige |       |       |       |       |    16 |     9 ||    25
         Irradiate         |       |       |       |       |       |     4 ||     4
 Invoke: Slouch            |       |       |       |       |     6 |     5 ||    11
Ability: End Transformatio |       |       |       |     3 |    10 |    17 ||    30
  Evoke: Wand              |       |       |       |     5 |     7 |     6 ||    18
    Use: Scroll            |     5 |     1 |    13 |     4 |    14 |     4 ||    41
         Potion            |       |       |     1 |     2 |     1 |     2 ||     6
   Stab: Sleeping          |     6 |     1 |       |     2 |     4 |     3 ||    16
         Distracted        |       |       |       |       |     1 |     1 ||     2
 Armour: Skin              |     6 |    10 |   103 |   159 |   294 |   143 ||   715
  Dodge: Dodged            |    38 |    88 |   218 |   429 |  1303 |   598 ||  2674

Table legend: (Time is in decaauts)
 A = Elapsed time spent in this place.
 B = Non-inter-level travel time spent in this place.
 C = Inter-level travel time spent in this place.
 D = Time resting spent in this place.
 E = Time spent auto-exploring this place.
 F = Levels seen in this place.
 G = Mean time per level.
                   A        B        C        D        E       F      G
               +--------+--------+--------+--------+--------+-----+--------+
         Total |  55196 |  48359 |   6837 |  11708 |  26875 |  29 | 1903.3 |
       Dungeon |  29153 |  25158 |   3995 |   4628 |  15907 |  15 | 1943.5 |
        Temple |     56 |     42 |     14 |      0 |      2 |   1 |   56.0 |
          Lair |  14011 |  12023 |   1988 |   2958 |   6307 |   5 | 2802.2 |
         Swamp |   7169 |   6463 |    706 |   2789 |   2494 |   4 | 1792.2 |
  Orcish Mines |   2626 |   2494 |    132 |    569 |   1534 |   2 | 1313.0 |
      Ice Cave |   1189 |   1189 |      0 |    546 |    174 |   1 | 1189.0 |
      Gauntlet |    989 |    989 |      0 |    216 |    456 |   1 |  989.0 |
               +--------+--------+--------+--------+--------+-----+--------+

Top non-repeatable levels by time:
    D:13: 3535 daAuts
  Lair:2: 3328 daAuts
  Lair:3: 3177 daAuts
  Lair:5: 3100 daAuts
 Swamp:3: 2765 daAuts
    D:10: 2658 daAuts
    D:12: 2646 daAuts
     D:9: 2610 daAuts
  Lair:1: 2486 daAuts
 Swamp:1: 2421 daAuts
     D:3: 2363 daAuts
     D:8: 2355 daAuts
    D:14: 2131 daAuts
 Swamp:2: 1924 daAuts
  Lair:4: 1917 daAuts
